 Dungeon Crawl Stone Soup version 0.27-a0-836-gfc908b8576 (webtiles) character file.

Game seed: 356754136030492118

2907 tilp the Fighter (level 9, -3/86 HPs)
             Began as an Ogre Warper on Apr 1, 2021.
             Was a Priest of Hepliaklqana.
             Slain by a gnoll
             ... wielding a +4 spear of freezing
              (4 damage)
             ... on level 7 of the Dungeon.
             The game lasted 00:21:56 (11726 turns).

tilp the Fighter (Ogre Warper)                     Turns: 11726, Time: 00:21:56

Health: -3/86      AC:  3    Str: 17    XL:     9   Next: 78%
Magic:  15/15      EV: 10    Int: 25    God:    Hepliaklqana [***...]
Gold:   355        SH:  0    Dex:  8    Spells: 8/16 levels left

rFire    + . .     SeeInvis .   a - +0 mace
rCold    . . .     Faith    .   (no shield)
rNeg     . . .     Spirit   .   b - +0 robe
rPois    .         Reflect  .   (helmet restricted)
rElec    .         Harm     .   w - scarf {repulsion}
rCorr    .         Rampage  .   (gloves unavailable)
Will     .....                  (boots unavailable)
Stlth    +.........             s - amulet of regeneration
HPRegen  1.24/turn              g - +6 ring of intelligence
MPRegen  0.14/turn              v - ring "Cifepoide" {rF+ Int+2}

@: confused, ambrosia-drunk, studying Slings, repel missiles
A: reduced essence, large, unfitting armour, tough skin 1
a: Renounce Religion, Recall Ancestor, Ancestor Identity, Transference


You were on level 7 of the Dungeon.
You worshipped Hepliaklqana.
Hepliaklqana was most pleased with you.
You visited 1 branch of the dungeon, and saw 7 of its levels.

You collected 355 gold pieces.

Inventory:

Hand Weapons
 a - a +0 mace (weapon)
 i - a +0 flail
 q - a +2 trident of flaming
 C - a +0 giant club
Missiles
 c - 299 stones
 e - 4 boomerangs of dispersal {!f}
 p - 6 large rocks
 u - 5 javelins (quivered)
Armour
 b - a +0 robe (worn)
 w - a scarf of repulsion (worn)
Jewellery
 g - a +6 ring of intelligence (left hand)
 o - a ring of fire
 s - an amulet of regeneration (around neck)
 v - the ring "Cifepoide" (right hand) {rF+ Int+2}
   (You found it on level 6 of the Dungeon)

   [ring of protection from fire]

   It affects your intelligence (+2).
   It protects you from fire.
Wands
 B - a wand of mindburst (11)
Scrolls
 d - 5 scrolls of blinking
 f - a scroll of immolation
 h - a scroll of holy word {unknown}
 k - a scroll of amnesia
 r - a scroll of torment {unknown}
 t - a scroll of acquirement {unknown}
 y - a scroll of noise {unknown}
 z - 2 scrolls of fog {unknown}
 D - a scroll of fear {unknown}
Potions
 j - 2 potions of haste
 n - a potion of berserk rage
 A - a potion of resistance {unknown}


   Skills:
 - Level 8.0 Fighting
 - Level 6.0 Maces & Flails
 - Level 1.0 Throwing
 - Level 4.0 Dodging
 - Level 2.0 Stealth
 - Level 4.0 Spellcasting
 - Level 6.0 Translocations
 - Level 4.0 Invocations
 + Level 3.7 Evocations


You had 8 spell levels left.
You knew the following spells:

 Your Spells              Type           Power      Damage    Failure   Level
a - Blink                 Tloc           N/A        N/A       1%          2
b - Lesser Beckoning      Tloc           17%        N/A       2%          3
c - Teleport Other        Tloc           35%        N/A       2%          3

Your spell library contained the following spells:

 Spells                   Type           Power      Damage    Failure   Level
 Gell's Gravitas          Tloc           17%        N/A       2%          3
 Manifold Assault         Tloc           35%        N/A       22%         5


Dungeon Overview and Level Annotations

Branches:
Dungeon (7/15)             Temple (0/1) D:5

Altars:
Ashenzari
Cheibriados
Elyvilon
Fedhas
Hepliaklqana
Qazlal
Sif Muna
Vehumet

Annotations:
D:4 Grinder
D:5 Blork the orc
D:6 exclusions: 2 ice beasts, scorpion and wyvern
D:7 boulder beetle!, exclusion: ice beast


Innate Abilities, Weirdness & Mutations

Your life essence is reduced to manifest your ancestor. (-10% HP)
You are too large for most types of armour.
You have tough skin. (AC +1)


Message History

The centaur hurls suddenly forward!
The centaur unwields a +0 shortbow.
The centaur hits you.
* * * LOW HITPOINT WARNING * * *
The centaur barely misses you.
The gnoll hits you from afar with a +4 spear of freezing.
* * * LOW HITPOINT WARNING * * *
The gnoll freezes you.
* * * LOW HITPOINT WARNING * * *
Unknown command.
You hit the centaur but do no damage. The centaur closely misses you.
The centaur kicks you.
* * * LOW HITPOINT WARNING * * *
The gnoll closely misses you. The centaur closely misses you.
The centaur kicks you but does no damage.
You thump the centaur!
The centaur is moderately wounded.
The centaur hits you.
* * * LOW HITPOINT WARNING * * *
The centaur closely misses you.
The gnoll hits you from afar with a +4 spear of freezing!
* * * LOW HITPOINT WARNING * * *
The gnoll freezes you.
* * * LOW HITPOINT WARNING * * *
You feel better. The centaur hits you.
* * * LOW HITPOINT WARNING * * *
The centaur barely misses you.
The gnoll hits you from afar with a +4 spear of freezing!
* * * LOW HITPOINT WARNING * * *
The gnoll freezes you.
* * * LOW HITPOINT WARNING * * *
The centaur misses you.
The centaur kicks you but does no damage.
You are confused.
You feel invigorated. The centaur hits you.
* * * LOW HITPOINT WARNING * * *
The centaur kicks you but does no damage.
The gnoll hits you from afar with a +4 spear of freezing!
* * * LOW HITPOINT WARNING * * *
The gnoll freezes you.
You die...

#. P... #.. ...#
#...####...#.
...........'.
...........####
#####........
####...#........
#>.#.)c)........
###..')@.g........
###...#########.P...
##....## ...P.
#...### ♣.♣. #..##
♣.♣ ####.## ♣♣
##.....# ##...#.##
#..#####


You could see a centaur and a gnoll.

Vanquished Creatures
  A boulder beetle (D:7)
  A water moccasin (D:7)
  An orc warrior (D:7)
  A black bear (D:7)
  A centaur (D:7)
  An ogre (D:4)
  3 scorpions
  2 bullfrogs
  2 wyvern zombies
  2 centaur zombies
  A bullfrog skeleton (D:6)
  A gnoll shaman (D:7)
  4 hounds
  A hound skeleton (D:4)
  A howler monkey zombie (D:7)
  2 gnolls (D:7)
  2 adders
  2 shadow imps
  A white imp (D:6)
  An adder skeleton (D:4)
  A worm (D:2)
  A dart slug (D:4)
  7 orcs
  2 ball pythons (D:2)
  6 bats
  8 endoplasms
  2 giant cockroaches
  9 goblins
  13 hobgoblins
  6 jackals
  6 kobolds
  A quokka (D:1)
  2 frilled lizards (D:1)
  7 rats
102 creatures vanquished.

Vanquished Creatures (collateral kills)
  Eustachio (D:4)
  2 ogres (D:7)
  A necrophage (D:4)
  A bullfrog (D:7)
  3 scorpions
  A howler monkey (D:7)
  An orc priest (D:3)
  A hound (D:5)
  A jelly (D:6)
  A bullfrog skeleton (D:5)
  2 iguanas
  Terence (D:3)
  A howler monkey zombie (D:6)
  A gnoll (D:7)
  3 adders
  5 orcs
  A bat (D:3)
  2 endoplasms (D:4)
  2 hobgoblins
  A jackal (D:3)
  2 kobolds (D:3)
  A frilled lizard (D:3)
35 creatures vanquished.

Vanquished Creatures (others)
  2 hexers (D:7)
  4 ancestors
  2 fungi (D:7)
8 creatures vanquished.

Grand Total: 145 creatures vanquished

Notes
Turn   | Place    | Note
-------+----------+-------------------------------------------
     0 | D:1      | tilp the Ogre Warper began the quest for the Orb.
     0 | D:1      | Reached XP level 1. HP: 22/22 MP: 3/3
    86 | D:1      | Reached skill level 3 in Fighting
   157 | D:1      | You fall into a shaft and drop 1 floor!
   297 | D:2      | Reached XP level 2. HP: 20/31 MP: 5/5
   402 | D:2      | Learned a level 2 spell: Blink
   787 | D:1      | Reached skill level 4 in Fighting
  1320 | D:1      | Reached XP level 3. HP: 40/40 MP: 6/6
  1981 | D:2      | Reached skill level 5 in Fighting
  2392 | D:2      | Found a broken altar of Ashenzari.
  2392 | D:2      | Found a hazy altar of Hepliaklqana.
  2394 | D:2      | Found a stormy altar of Qazlal.
  2402 | D:2      | Became a worshipper of Hepliaklqana the Forgotten
  2455 | D:2      | Reached XP level 4. HP: 45/45 MP: 7/7
  2860 | D:3      | Reached skill level 6 in Fighting
  3219 | D:3      | Reached XP level 5. HP: 43/53 MP: 8/8
  3523 | D:3      | Noticed Terence
  3531 | D:3      | Killed Terence
  3775 | D:3      | Learned a level 3 spell: Lesser Beckoning
  3779 | D:3      | Learned a level 3 spell: Teleport Other
  4455 | D:4      | Reached * piety under Hepliaklqana
  4462 | D:4      | Found a white marble altar of Elyvilon.
  4487 | D:4      | Noticed Grinder
  4726 | D:4      | Noticed a necrophage
  4871 | D:4      | Reached XP level 6. HP: 50/60 MP: 10/10
  4880 | D:4      | Killed a necrophage
  5119 | D:4      | Reached skill level 5 in Translocations
  5755 | D:4      | Reached XP level 7. HP: 67/67 MP: 13/13
  6303 | D:4      | Noticed Eustachio
  6490 | D:4      | Killed Eustachio
  7236 | D:4      | Found a shimmering blue altar of Sif Muna.
  7382 | D:5      | Entered Level 5 of the Dungeon
  7495 | D:5      | Found a staircase to the Ecumenical Temple.
  7573 | D:5      | Reached XP level 8. HP: 52/75 MP: 14/14
  7727 | D:5      | Noticed Blork the orc
  7735 | D:5      | Reached skill level 1 in Stealth
  7747 | D:5      | Reached ** piety under Hepliaklqana
  7990 | D:5      | Remembered your ancestor Paser as a hexer
  8818 | D:6      | Noticed a wyvern
  8897 | D:6      | Reached skill level 7 in Fighting
  9253 | D:6      | Identified the ring "Cifepoide" {rF+ Int+2}
 10450 | D:7      | Found a blossoming altar of Fedhas.
 10450 | D:7      | Found a snail-covered altar of Cheibriados.
 10577 | D:7      | Reached *** piety under Hepliaklqana
 10718 | D:7      | Reached skill level 8 in Fighting
 10766 | D:7      | Found a radiant altar of Vehumet.
 10790 | D:7      | Reached XP level 9. HP: 73/86 MP: 15/15
 10847 | D:7      | Reached skill level 5 in Maces & Flails
 11027 | D:7      | Reached skill level 1 in Invocations
 11032 | D:7      | Reached skill level 1 in Evocations
 11043 | D:7      | Noticed a boulder beetle
 11569 | D:7      | Killed a boulder beetle
 11726 | D:7      | HP: 1/86 [gnoll/+4 spear of freezing (9)]
 11726 | D:7      | Slain by a gnoll

Illustrated notes

Levels and vault maps discovered:
D:1:      sevenhm_arrival_forest_fort_small_4, layout_loops_ring
D:2:      layout_loops_ring, gammafunk_temple_overflow_claw
D:3:      layout_basic, grunt_ministairs_3, uniq_terence
D:4:      layout_loops_ring, general_overflow_altar, lemuel_round_altar,
          minmay_bent, uniq_grinder, uniq_eustachio
D:5:      layout_cave_pods, minmay_temple_entry_nine_rooms, hex_tiny,
          uniq_blork_the_orc
D:6:      layout_loops_ring
D:7:      kennysheep_seaside_town, layout_loops_corners,
          overflow_temple_1_default, kennysheep_mini_moat,
          gammafunk_temple_overflow_wave, minmay_manual_maat

Skill      XL: |  1  2  3  4  5  6  7  8  9 |
---------------+----------------------------+-----
Fighting       | 3 4 5 6 8 |  8.0
Translocations | 3 4 5 6 |  6.0
Spellcasting   | 3 4 |  4.0
Maces & Flails | 2 4 6 |  6.0
Stealth        | 2 |  2.0
Dodging        | 4 |  4.0
Invocations    | 4 |  4.0
Evocations     | 3 |  3.7
Throwing       | |  1.0

Action                   |  1- 3 |  4- 6 |  7- 9 || total
-------------------------+-------+-------+-------++-------
Melee: Mace              |   154 |   133 |   243 ||   530
Throw: Boomerang         |     1 |       |       ||     1
       Stone             |       |     4 |     5 ||     9
       Javelin           |       |       |     3 ||     3
 Cast: Teleport Other    |       |     4 |     7 ||    11
       Blink             |       |     4 |     1 ||     5
       Lesser Beckoning  |       |       |     2 ||     2
Invok: Recall Ancestor   |       |     4 |     1 ||     5
       Ancestor Life: He |       |       |     1 ||     1
  Use: Scroll            |       |     5 |     5 ||    10
       Potion            |       |     2 |     4 ||     6
 Stab: Sleeping          |     1 |       |     1 ||     2
       Distracted        |       |       |     7 ||     7
       Confused          |       |       |     1 ||     1
Armor: Robe              |    45 |    38 |    73 ||   156
Dodge: Dodged            |   102 |    66 |   157 ||   325
       Repelled          |       |       |     1 ||     1

Table legend: (Time is in decaauts)
 A = Elapsed time spent in this place.
 B = Non-inter-level travel time spent in this place.
 C = Inter-level travel time spent in this place.
 D = Time resting spent in this place.
 E = Time spent auto-exploring this place.
 F = Levels seen in this place.
 G = Mean time per level.
                   A        B        C        D        E       F      G
               +--------+--------+--------+--------+--------+-----+--------+
         Total |  11895 |  11369 |    526 |   4087 |   5357 |   7 | 1699.3 |
       Dungeon |  11895 |  11369 |    526 |   4087 |   5357 |   7 | 1699.3 |
               +--------+--------+--------+--------+--------+-----+--------+

Top non-repeatable levels by time:
     D:3: 2880 daAuts
     D:4: 1866 daAuts
     D:6: 1600 daAuts
     D:7: 1438 daAuts
     D:1: 1387 daAuts
     D:2: 1379 daAuts
     D:5: 1342 daAuts
